Avalanche vs Senateurs (R2)

Created - January 14, 2018 at 08:41

Goals
1 2 3 T
Avalanche 2 2 2 6
Senateurs 1 0 0 1
Shots
1 2 3 T
Avalanche 8 12 14 34
Senateurs 8 8 4 20

1st period

1. Avalanche , Paul Stastny 10 (Pernell Karl Subban 10) at 12:48
2. Avalanche , Mikkel Boedker 19 (Corey Perry 17, Pernell Karl Subban 11) at 17:08
3. Senateurs , Cody Hodgson 12 (Johan Franzen 16, Kurtis Foster 20) at 17:45

Penalties :
Pernell Karl Subban (Col) for Holding (Minor) at 2:07, Paul Stastny (Col) for Elbowing (Minor) at 14:28

2nd period

4. Avalanche , Bryan Little 19 (Mikkel Boedker 22, Corey Perry 18) at 14:45 (PP)
5. Avalanche , Jay Bouwmeester 3 (Mikkel Boedker 23, Corey Perry 19) at 15:19 (PP)

Penalties :
Thomas Vanek (Ott) for Cross-checking (Minor) at 0:15, Brenden Morrow (Ott) for Tripping (Minor) at 11:31, Pascal Dupuis (Ott) for Hooking (Minor) at 14:03, Thomas Vanek (Ott) for Hooking (Minor) at 15:01, Kurtis Foster (Ott) for Hooking (Minor) at 16:35

3rd period

6. Avalanche , Pernell Karl Subban 4 (Mark Giordano 5, Semyon Varlamov) at 11:47
7. Avalanche , Alexander Radulov 7 (Andrei Kostitsyn 14, Johnny Boychuk 9) at 13:10

Penalties :
B.J. Crombeen (Ott) for Roughing (Minor) at 1:16, Cody Franson (Ott) for Hooking (Minor) at 4:24, Evgeni Malkin (Ott) for Hooking (Minor) at 13:58, Dan Hamhuis (Ott) for Hooking (Minor) at 17:53

Goalie Stats

Semyon Varlamov (Col), 19 saves from 20 shots - (0.950), W, 19-8-4, 60:00 minutes
Jeff Deslauriers (Ott), 14 saves from 18 shots - (0.778), L, 6-6-0, 35:19 minutes
Ondrej Pavelec (Ott), 14 saves from 16 shots - (0.875), 24:41 minutes

Players Stats for Avalanche

Player Name              G  A  P  +/- PIM S  H  SB GA TA FO     MP     PP MP  PK MP  
------------------------------------------------------------------------------------
Alexander Radulov        1  0  1   3  0   4  2  1  0  0  0/1    17:52   6:12   0:00 
Andrei Kostitsyn         0  1  1   3  0   5  1  1  0  0  1/1    18:03   6:12   0:15 
Andrew Ladd              0  0  0  -1  0   0  2  0  0  0  0/0    11:20   0:12   1:20 
Brandon Yip              0  0  0  -1  0   0  1  0  0  0  0/0    11:17   0:15   1:20 
Bryan Little             1  0  1   1  0   4  2  0  3  0  10/21  20:14   8:29   0:00 
Chuck Kobasew            0  0  0   0  0   0  1  0  0  0  0/0    10:37   0:00   2:13 
Corey Perry              0  3  3   1  0   2  2  1  0  0  0/3    20:17   8:26   0:00 
Cory Emmerton            0  0  0  -1  0   0  0  0  0  0  1/5     8:30   0:00   0:34 
Jack Johnson             0  0  0  -1  0   3  4  2  0  2  0/0    25:07   8:30   1:27 
Jay Bouwmeester          1  0  1  -1  0   2  0  1  0  1  0/0    24:27   8:30   1:14 
Johnny Boychuk           0  1  1   1  0   0  2  0  0  0  0/0    14:20   0:00   1:18 
Marc Staal               0  0  0   2  0   0  0  1  0  0  0/0    22:34   6:23   2:40 
Mark Giordano            0  1  1   2  0   1  1  1  0  0  0/0    12:04   0:00   0:00 
Mike Comrie              0  0  0   0  0   3  1  0  0  0  5/6    11:40   0:12   2:14 
Mikkel Boedker           1  2  3   1  0   4  6  0  2  0  0/1    20:14   8:29   0:00 
Paul Stastny             1  0  1   3  2   4  1  0  0  1  11/18  17:50   6:12   0:00 
Pernell Karl Subban      1  2  3   3  2   1  0  2  0  0  0/0    21:10   6:23   1:17 
Ryan Smyth               0  0  0   0  0   1  0  0  0  0  0/0     8:24   0:00   0:00 

Players Stats for Senateurs

Player Name              G  A  P  +/- PIM S  H  SB GA TA FO     MP     PP MP  PK MP  
------------------------------------------------------------------------------------
Arturs Kulda             0  0  0   0  0   0  1  0  0  0  0/0     6:22   0:00   0:00 
B.J. Crombeen            0  0  0  -1  2   1  1  1  0  0  0/2    18:23   2:22   2:50 
Brenden Morrow           0  0  0   0  2   0  2  0  0  0  0/0    17:35   1:36   5:02 
Brooks Orpik             0  0  0  -3  0   1  0  0  0  0  0/0     9:43   0:00   0:00 
Carlo Colaiacovo         0  0  0   0  0   1  0  1  0  0  0/0    18:26   1:14   5:53 
Cody Franson             0  0  0   0  2   2  1  1  0  0  0/0    17:58   1:14   4:54 
Cody Hodgson             1  0  1   0  0   3  1  0  0  0  6/12   14:05   1:36   0:03 
Dan Girardi              0  0  0   0  0   0  0  0  0  0  0/0     7:53   0:00   1:21 
Dan Hamhuis              0  0  0   0  2   0  2  5  1  2  0/0    24:37   2:44   7:44 
David Krejci             0  0  0  -2  0   0  0  0  0  0  4/5    13:40   0:00   1:44 
Evgeni Malkin            0  0  0  -1  2   1  2  3  0  0  16/34  23:54   2:22   7:20 
Johan Franzen            0  1  1   0  0   2  1  0  0  1  0/0    14:03   1:36   0:00 
Kurtis Foster            0  1  1   0  2   0  1  1  0  1  0/0    24:46   2:44   7:46 
Pascal Dupuis            0  0  0  -2  2   0  0  0  0  0  0/0    12:22   0:00   0:00 
Ramzi Abid               0  0  0  -2  0   6  1  1  1  0  0/0    14:43   0:00   1:01 
Sergei Kostitsyn         0  0  0   0  0   0  0  0  1  0  2/3    11:08   0:00   4:42 
Thomas Vanek             0  0  0  -1  4   3  0  0  1  0  0/0    23:54   2:22   7:04 
Vladimir Mihalik         0  0  0  -3  0   0  1  4  0  1  0/0    11:26   0:00   2:08 

3 Stars

1 - Mikkel Boedker (Col)
2 - Pernell Karl Subban (Col)
3 - Corey Perry (Col)

Power Play

Avalanche - 2 on 9 Attempt(s) - 22.22%
Senateurs - 0 on 2 Attempt(s) - 0.00%

Penalty Kill

Avalanche - 2 on 2 Attempt(s) - 100.00% - Score 0 goal in Penalty Kill
Senateurs - 7 on 9 Attempt(s) - 77.78% - Score 0 goal in Penalty Kill

Team Stat

Avalanche - Hits : 26 - Faceoff Wins : 28 - Blocked Shots : 10 - Penalty Minutes : 4
Senateurs - Hits : 14 - Faceoff Wins : 28 - Blocked Shots : 17 - Penalty Minutes : 18

Official

Referees : Hasenfratz Mike and Jackson Dave
Linesman : Darren Gibbs and Don Henderson

Game Notes

Ondrej Pavelec enters game at 15:19 of 2nd period

Finance

Level 1 -- Attendance: 6000 (100.00%) -- Ticket Income $498,000
Level 2 -- Attendance: 5000 (100.00%) -- Ticket Income $265,000
Level 3 -- Attendance: 1765 (88.25%) -- Ticket Income $58,245
Level 4 -- Attendance: 3860 (96.50%) -- Ticket Income $88,780
Luxury Box -- Attendance: 895 (89.50%) -- Ticket Income $138,725
Game was played at the Place Banque Scotia.
Total Attendance: 17520 (97.33%)
Total Ticket Income: $1,048,750
Other Income: $157,312
Total Income: $1,206,062

Avalanche

5 vs 5 Forward 
   Center                   Left Wing                Right Wing               Time % Phy DF OF 
 1 Bryan Little             Mikkel Boedker           Corey Perry              35     1   2  2  
 2 Paul Stastny             Andrei Kostitsyn         Alexander Radulov        35     1   2  2  
 3 Cory Emmerton            Andrew Ladd              Brandon Yip              15     1   2  2  
 4 Mike Comrie              Ryan Smyth               Chuck Kobasew            15     1   2  2  

5 vs 5 Defense 
   Defense                  Defense                                           Time % Phy DF OF 
 1 Jack Johnson             Jay Bouwmeester                                   35     1   2  2  
 2 Marc Staal               Johnny Boychuk                                    35     1   2  2  
 3 Mark Giordano            Pernell Karl Subban                               30     1   2  2  
 4 Jack Johnson             Pernell Karl Subban                               0      1   2  2  

PowerPlay Forward 
   Center                   Left Wing                Right Wing               Time % Phy DF OF 
 1 Bryan Little             Mikkel Boedker           Corey Perry              60     1   2  2  
 2 Paul Stastny             Andrei Kostitsyn         Alexander Radulov        40     1   2  2  

PowerPlay Defense
   Defense                  Defense                                           Time % Phy DF OF 
 1 Jack Johnson             Jay Bouwmeester                                   60     1   2  2  
 2 Pernell Karl Subban      Marc Staal                                        40     1   2  2  

Penalty Kill 4 Players Forward 
   Center                   Wing                     Time % Phy DF OF 
 1 Mike Comrie              Chuck Kobasew            60     1   2  2  
 2 Andrew Ladd              Brandon Yip              40     1   2  2  

Penalty Kill 4 Players Defense
   Defense                  Defense                  Time % Phy DF OF 
 1 Marc Staal               Pernell Karl Subban      60     1   2  2  
 2 Johnny Boychuk           Jack Johnson             40     1   2  2  

Penalty Kill - 3 Players Forward 
   Forward                                           Time % Phy DF OF 
 1 Mike Comrie                                       60     1   2  2  
 2 Chuck Kobasew                                     40     1   2  2  

Penalty Kill - 3 Players Defense
   Defense                  Defense                  Time % Phy DF OF 
 1 Marc Staal               Pernell Karl Subban      60     1   2  2  
 2 Jack Johnson             Johnny Boychuk           40     1   2  2  

4 vs 4 Forward 
   Center                   Wing                     Time % Phy DF OF 
 1 Bryan Little             Mikkel Boedker           60     1   2  2  
 2 Corey Perry              Andrei Kostitsyn         40     1   2  2  

4 vs 4 Defense
   Defense                  Defense                  Time % Phy DF OF 
 1 Jack Johnson             Jay Bouwmeester          60     1   2  2  
 2 Marc Staal               Johnny Boychuk           40     1   2  2  

Last Minutes Offensive
   Center                   Left Wing                Right Wing               Defense                  Defense                  
   Bryan Little             Mikkel Boedker           Corey Perry              Jack Johnson             Jay Bouwmeester          

Last Minutes Defensive
   Center                   Left Wing                Right Wing               Defense                  Defense                  
   Mike Comrie              Andrew Ladd              Chuck Kobasew            Marc Staal               Jack Johnson             

Goaltenders
Starting : Semyon Varlamov          
Backup : Dan Ellis                

Extra Forwards
Normal : Paul Stastny, Alexander Radulov, Cory Emmerton - PP : Paul Stastny, Alexander Radulov - PK : Cory Emmerton
Extra Defensemen
Normal : Johnny Boychuk, Jay Bouwmeester, Pernell Karl Subban - PP : Marc Staal - PK : Jay Bouwmeester, Pernell Karl Subban
Penalty Shots
Bryan Little, Mikkel Boedker, Corey Perry, Andrei Kostitsyn, Mike Comrie

Scratches
None

Senateurs

5 vs 5 Forward 
   Center                   Left Wing                Right Wing               Time % Phy DF OF 
 1 Evgeni Malkin            Thomas Vanek             B.J. Crombeen            40     1   2  2  
 2 Cody Hodgson             Brenden Morrow           Johan Franzen            30     1   2  2  
 3 David Krejci             Ramzi Abid               Pascal Dupuis            20     1   2  2  
 4 Evgeni Malkin            Sergei Kostitsyn         Thomas Vanek             10     1   2  2  

5 vs 5 Defense 
   Defense                  Defense                                           Time % Phy DF OF 
 1 Dan Hamhuis              Kurtis Foster                                     40     1   2  2  
 2 Cody Franson             Carlo Colaiacovo                                  30     1   2  2  
 3 Brooks Orpik             Vladimir Mihalik                                  20     1   2  2  
 4 Dan Girardi              Arturs Kulda                                      10     1   2  2  

PowerPlay Forward 
   Center                   Left Wing                Right Wing               Time % Phy DF OF 
 1 Evgeni Malkin            Thomas Vanek             B.J. Crombeen            60     1   2  2  
 2 Cody Hodgson             Brenden Morrow           Johan Franzen            40     1   2  2  

PowerPlay Defense
   Defense                  Defense                                           Time % Phy DF OF 
 1 Dan Hamhuis              Kurtis Foster                                     60     1   2  2  
 2 Cody Franson             Carlo Colaiacovo                                  40     1   2  2  

Penalty Kill 4 Players Forward 
   Center                   Wing                     Time % Phy DF OF 
 1 Evgeni Malkin            Thomas Vanek             60     1   2  2  
 2 Brenden Morrow           B.J. Crombeen            40     1   2  2  

Penalty Kill 4 Players Defense
   Defense                  Defense                  Time % Phy DF OF 
 1 Dan Hamhuis              Kurtis Foster            60     1   2  2  
 2 Cody Franson             Carlo Colaiacovo         40     1   2  2  

Penalty Kill - 3 Players Forward 
   Forward                                           Time % Phy DF OF 
 1 Evgeni Malkin                                     60     1   2  2  
 2 Thomas Vanek                                      40     1   2  2  

Penalty Kill - 3 Players Defense
   Defense                  Defense                  Time % Phy DF OF 
 1 Dan Hamhuis              Kurtis Foster            60     1   2  2  
 2 Cody Franson             Carlo Colaiacovo         40     1   2  2  

4 vs 4 Forward 
   Center                   Wing                     Time % Phy DF OF 
 1 Evgeni Malkin            Thomas Vanek             60     1   2  2  
 2 Brenden Morrow           B.J. Crombeen            40     1   2  2  

4 vs 4 Defense
   Defense                  Defense                  Time % Phy DF OF 
 1 Dan Hamhuis              Kurtis Foster            60     1   2  2  
 2 Cody Franson             Carlo Colaiacovo         40     1   2  2  

Last Minutes Offensive
   Center                   Left Wing                Right Wing               Defense                  Defense                  
   Evgeni Malkin            Thomas Vanek             B.J. Crombeen            Dan Hamhuis              Kurtis Foster            

Last Minutes Defensive
   Center                   Left Wing                Right Wing               Defense                  Defense                  
   Evgeni Malkin            Thomas Vanek             B.J. Crombeen            Dan Hamhuis              Kurtis Foster            

Goaltenders
Starting : Jeff Deslauriers         
Backup : Ondrej Pavelec           

Extra Forwards
Normal : Ramzi Abid, David Krejci, Sergei Kostitsyn - PP : Ramzi Abid, David Krejci - PK : Sergei Kostitsyn
Extra Defensemen
Normal : Brooks Orpik, Vladimir Mihalik, Dan Girardi - PP : Brooks Orpik - PK : Vladimir Mihalik, Dan Girardi
Penalty Shots
Evgeni Malkin, Thomas Vanek, Brenden Morrow, B.J. Crombeen, Johan Franzen

Scratches
Brandon Dubinsky (Healthy), Milan Hejduk (Healthy), Ryan Malone (Healthy)

% Time on Ice - Avalanche

Lines # - Real PCT - Wanted PCT - Time Play
Normal Forward
1 - 31% - 35% - 12:35
2 - 30% - 35% - 12:14
3 - 19% - 15% - 7:56
4 - 20% - 15% - 8:24
Normal Defense
1 - 36% - 35% - 14:38
2 - 35% - 35% - 14:27
3 - 29% - 30% - 12:04
4 - 0% - 0% - 0:00
PP Forward
1 - 58% - 60% - 8:41
2 - 42% - 40% - 6:12
PP Defense
1 - 57% - 60% - 8:30
2 - 43% - 40% - 6:23
PK Forward
1 - 66% - 60% - 2:38
2 - 34% - 40% - 1:20
PK Defense
1 - 67% - 60% - 2:40
2 - 33% - 40% - 1:18
PK3 Forward
1 - 0% - 60%
2 - 0% - 40%
PK3 Defense
1 - 0% - 60%
2 - 0% - 40%
44 Forward
1 - 0% - 60%
2 - 0% - 40%
44 Defense
1 - 0% - 60%
2 - 0% - 40%
Last Minute Offensive  - 0:00
Last Minute Defensive  - 0:00
Total
Forward - 60:00
Defense - 60:00

% Time on Ice - Senateurs

Lines # - Real PCT - Wanted PCT - Time Play
Normal Forward
1 - 31% - 40% - 12:56
2 - 31% - 30% - 12:40
3 - 28% - 20% - 11:38
4 - 10% - 10% - 3:55
Normal Defense
1 - 34% - 40% - 14:10
2 - 28% - 30% - 11:19
3 - 23% - 20% - 9:18
4 - 15% - 10% - 6:22
PP Forward
1 - 60% - 60% - 2:22
2 - 40% - 40% - 1:36
PP Defense
1 - 69% - 60% - 2:44
2 - 31% - 40% - 1:14
PK Forward
1 - 74% - 60% - 11:05
2 - 26% - 40% - 3:48
PK Defense
1 - 60% - 60% - 9:00
2 - 40% - 40% - 5:53
PK3 Forward
1 - 0% - 60%
2 - 0% - 40%
PK3 Defense
1 - 0% - 60%
2 - 0% - 40%
44 Forward
1 - 0% - 60%
2 - 0% - 40%
44 Defense
1 - 0% - 60%
2 - 0% - 40%
Last Minute Offensive  - 0:00
Last Minute Defensive  - 0:00
Total
Forward - 60:00
Defense - 60:00

Play by Play

1st period


0:01 of 1st period - Evgeni Malkin wins face-off versus Corey Perry in neutral zone.
1:02 of 1st period - Wrist shot by David Krejci.
1:02 of 1st period - Shot Misses the Net.
1:09 of 1st period - Off-side.
1:10 of 1st period - Paul Stastny wins face-off versus Cody Hodgson in neutral zone.
1:23 of 1st period - Marc Staal is hit by Vladimir Mihalik and loses puck.
2:07 of 1st period - Minor Penalty to Pernell Karl Subban for Holding.
2:08 of 1st period - Mike Comrie wins face-off versus Evgeni Malkin in Avalanche zone.
4:07 of 1st period - Penalty to Pernell Karl Subban is over, Pernell Karl Subban is back on ice.
4:45 of 1st period - Wrist shot by Brandon Yip.
4:45 of 1st period - Shot Misses the Net.
4:57 of 1st period - Thomas Vanek is hit by Mikkel Boedker and loses puck.
5:16 of 1st period - Johan Franzen is hit by Bryan Little and loses puck.
5:57 of 1st period - B.J. Crombeen is hit by Mike Comrie and loses puck.
6:02 of 1st period - Wrist shot by Chuck Kobasew.
6:02 of 1st period - Shot Blocked by B.J. Crombeen.
6:29 of 1st period - Ramzi Abid is hit by Mikkel Boedker.
7:06 of 1st period - Carlo Colaiacovo is hit by Corey Perry and loses puck.
7:51 of 1st period - Sergei Kostitsyn is hit by Mikkel Boedker and loses puck.
8:30 of 1st period - Snap shot by Alexander Radulov.
8:30 of 1st period - Shot Misses the Net.
8:32 of 1st period - Wrist shot by Mike Comrie.
8:32 of 1st period - Stopped by Jeff Deslauriers with a rebound.
8:38 of 1st period - Snap shot by Chuck Kobasew.
8:38 of 1st period - Shot Misses the Net.
8:40 of 1st period - Snap shot by Chuck Kobasew.
8:40 of 1st period - Shot Misses the Net.
9:14 of 1st period - David Krejci is hit by Brandon Yip.
10:08 of 1st period - Arturs Kulda is hit by Jack Johnson and loses puck.
10:40 of 1st period - Icing by Dan Girardi.
10:41 of 1st period - Cory Emmerton wins face-off versus David Krejci in Senateurs zone.
10:57 of 1st period - Icing by Brandon Yip.
10:58 of 1st period - Cody Hodgson wins face-off versus Cory Emmerton in Avalanche zone.
10:59 of 1st period - Wrist shot by Johan Franzen.
10:59 of 1st period - Stopped by Semyon Varlamov without a rebound.
11:00 of 1st period - Paul Stastny wins face-off versus Evgeni Malkin in Avalanche zone.
11:09 of 1st period - Wrist shot by Paul Stastny.
11:09 of 1st period - Shot Misses the Net.
11:35 of 1st period - Snap shot by Cody Hodgson.
11:35 of 1st period - Stopped by Semyon Varlamov with a rebound.
11:59 of 1st period - Slapshot by Mike Comrie.
11:59 of 1st period - Stopped by Jeff Deslauriers without a rebound.
12:00 of 1st period - Paul Stastny wins face-off versus B.J. Crombeen in Senateurs zone.
12:25 of 1st period - Corey Perry is hit by Johan Franzen and loses puck.
12:32 of 1st period - Snap shot by Brenden Morrow.
12:32 of 1st period - Deflect By Cody Hodgson.
12:32 of 1st period - Shot Misses the Net.
12:32 of 1st period - Puck is out of play.
12:33 of 1st period - Cody Hodgson wins face-off versus Paul Stastny in Avalanche zone.
12:36 of 1st period - Snap shot by Brenden Morrow.
12:36 of 1st period - Shot Misses the Net.
12:42 of 1st period - Wrist shot by Paul Stastny.
12:42 of 1st period - Stopped by Jeff Deslauriers with a rebound.
12:44 of 1st period - Slapshot by Pernell Karl Subban.
12:44 of 1st period - Shot Blocked by Vladimir Mihalik.
12:46 of 1st period - Slapshot by Pernell Karl Subban.
12:46 of 1st period - Shot Misses the Net.
12:48 of 1st period - Slapshot by Paul Stastny.
12:48 of 1st period - Goal by Paul Stastny - Avalanche : 1 - Senateurs : 0.
12:49 of 1st period - Bryan Little wins face-off versus Evgeni Malkin in neutral zone.
12:52 of 1st period - Wrist shot by Jack Johnson.
12:52 of 1st period - Shot Blocked by Dan Hamhuis.
13:16 of 1st period - Johan Franzen is hit by Alexander Radulov and loses puck.
13:24 of 1st period - Off-side.
13:25 of 1st period - Bryan Little wins face-off versus Evgeni Malkin in neutral zone.
13:50 of 1st period - Wrist shot by Ramzi Abid.
13:50 of 1st period - Stopped by Semyon Varlamov without a rebound.
13:51 of 1st period - David Krejci wins face-off versus Paul Stastny in Avalanche zone.
13:54 of 1st period - Wrist shot by Ramzi Abid.
13:54 of 1st period - Stopped by Semyon Varlamov without a rebound.
13:55 of 1st period - David Krejci wins face-off versus Paul Stastny in Avalanche zone.
13:56 of 1st period - Snap shot by Ramzi Abid.
13:56 of 1st period - Shot Misses the Net.
13:58 of 1st period - Wrist shot by Ramzi Abid.
13:58 of 1st period - Shot Blocked by Alexander Radulov.
14:00 of 1st period - Slapshot by Brooks Orpik.
14:00 of 1st period - Shot Misses the Net.
14:02 of 1st period - Snap shot by Vladimir Mihalik.
14:02 of 1st period - Shot Blocked by Pernell Karl Subban.
14:04 of 1st period - Snap shot by David Krejci.
14:04 of 1st period - Shot Blocked by Andrei Kostitsyn.
14:06 of 1st period - Slapshot by Ramzi Abid.
14:06 of 1st period - Stopped by Semyon Varlamov without a rebound.
14:07 of 1st period - Evgeni Malkin wins face-off versus Paul Stastny in Avalanche zone.
14:28 of 1st period - Minor Penalty to Paul Stastny for Elbowing.
14:29 of 1st period - Mike Comrie wins face-off versus Evgeni Malkin in Avalanche zone.
14:42 of 1st period - Slapshot by Evgeni Malkin.
14:42 of 1st period - Stopped by Semyon Varlamov without a rebound.
14:43 of 1st period - Mike Comrie wins face-off versus Evgeni Malkin in Avalanche zone.
16:04 of 1st period - Slapshot by Jack Johnson.
16:04 of 1st period - Shot Blocked by Dan Hamhuis.
16:28 of 1st period - Penalty to Paul Stastny is over, Paul Stastny is back on ice.
16:58 of 1st period - Wrist shot by Pernell Karl Subban.
16:58 of 1st period - Shot Misses the Net.
17:00 of 1st period - Slapshot by Mikkel Boedker.
17:00 of 1st period - Stopped by Jeff Deslauriers with a rebound.
17:02 of 1st period - Slapshot by Corey Perry.
17:02 of 1st period - Stopped by Jeff Deslauriers with a rebound.
17:04 of 1st period - Slapshot by Pernell Karl Subban.
17:04 of 1st period - Shot Misses the Net.
17:06 of 1st period - Wrist shot by Corey Perry.
17:06 of 1st period - Shot Blocked by Vladimir Mihalik.
17:08 of 1st period - Snap shot by Mikkel Boedker.
17:08 of 1st period - Goal by Mikkel Boedker - Avalanche : 2 - Senateurs : 0.
17:09 of 1st period - Evgeni Malkin wins face-off versus Bryan Little in neutral zone.
17:16 of 1st period - Snap shot by Thomas Vanek.
17:16 of 1st period - Stopped by Semyon Varlamov with a rebound.
17:24 of 1st period - Snap shot by Bryan Little.
17:24 of 1st period - Stopped by Jeff Deslauriers with a rebound.
17:45 of 1st period - Wrist shot by Cody Hodgson.
17:45 of 1st period - Goal by Cody Hodgson - Avalanche : 2 - Senateurs : 1.
17:46 of 1st period - Evgeni Malkin wins face-off versus Bryan Little in neutral zone.
18:12 of 1st period - Andrei Kostitsyn is hit by Brenden Morrow and loses puck.
19:32 of 1st period - Jay Bouwmeester is hit by Kurtis Foster.
19:41 of 1st period - Off-side.
19:42 of 1st period - Cody Hodgson wins face-off versus Alexander Radulov in neutral zone.
Goals for this period are 2 for Avalanche vs 1 for Senateurs.
Shots for this period are 8 for Avalanche vs 8 for Senateurs.

2nd period


0:01 of 2nd period - Bryan Little wins face-off versus Evgeni Malkin in neutral zone.
0:04 of 2nd period - Slapshot by Mikkel Boedker.
0:04 of 2nd period - Shot Blocked by Dan Hamhuis.
0:06 of 2nd period - Wrist shot by Corey Perry.
0:06 of 2nd period - Shot Blocked by Dan Hamhuis.
0:08 of 2nd period - Slapshot by Mikkel Boedker.
0:08 of 2nd period - Stopped by Jeff Deslauriers with a rebound.
0:10 of 2nd period - Wrist shot by Mikkel Boedker.
0:10 of 2nd period - Deflect By Bryan Little.
0:10 of 2nd period - Stopped by Jeff Deslauriers with a rebound.
0:12 of 2nd period - Slapshot by Mark Giordano.
0:12 of 2nd period - Deflect By Evgeni Malkin.
0:12 of 2nd period - Stopped by Jeff Deslauriers without a rebound.
0:13 of 2nd period - Evgeni Malkin wins face-off versus Bryan Little in Senateurs zone.
0:15 of 2nd period - Minor Penalty to Thomas Vanek for Cross-checking.
0:16 of 2nd period - Bryan Little wins face-off versus Evgeni Malkin in Senateurs zone.
1:40 of 2nd period - Kurtis Foster is hit by Paul Stastny and loses puck.
2:15 of 2nd period - Penalty to Thomas Vanek is over, Thomas Vanek is back on ice.
2:41 of 2nd period - Wrist shot by Andrew Ladd.
2:41 of 2nd period - Shot Blocked by Vladimir Mihalik.
5:00 of 2nd period - Andrei Kostitsyn is hit by Ramzi Abid and loses puck.
5:18 of 2nd period - Kurtis Foster is hit by Mark Giordano.
5:55 of 2nd period - Slapshot by Mark Giordano.
5:55 of 2nd period - Shot Misses the Net.
6:23 of 2nd period - Slapshot by Cody Hodgson.
6:23 of 2nd period - Stopped by Semyon Varlamov with a rebound.
6:51 of 2nd period - Cory Emmerton is hit by Evgeni Malkin and loses puck.
7:34 of 2nd period - Kurtis Foster is hit by Jack Johnson and loses puck.
7:47 of 2nd period - Snap shot by Mike Comrie.
7:47 of 2nd period - Stopped by Jeff Deslauriers with a rebound.
8:15 of 2nd period - Jay Bouwmeester is hit by Arturs Kulda and loses puck.
8:28 of 2nd period - Snap shot by Paul Stastny.
8:28 of 2nd period - Shot Misses the Net.
9:08 of 2nd period - Slapshot by Chuck Kobasew.
9:08 of 2nd period - Shot Blocked by Cody Franson.
9:30 of 2nd period - Paul Stastny is hit by Cody Hodgson and loses puck.
9:37 of 2nd period - Slapshot by Mark Giordano.
9:37 of 2nd period - Shot Blocked by Evgeni Malkin.
9:53 of 2nd period - Cody Franson is hit by Johnny Boychuk and loses puck.
10:02 of 2nd period - Slapshot by Mikkel Boedker.
10:02 of 2nd period - Shot Blocked by Dan Hamhuis.
10:04 of 2nd period - Wrist shot by Corey Perry.
10:04 of 2nd period - Shot Misses the Net.
10:27 of 2nd period - Off-side.
10:28 of 2nd period - Mike Comrie wins face-off versus Cody Hodgson in neutral zone.
10:54 of 2nd period - Thomas Vanek is hit by Mikkel Boedker and loses puck.
11:20 of 2nd period - Evgeni Malkin is hit by Jack Johnson and loses puck.
11:25 of 2nd period - Wrist shot by Cory Emmerton.
11:25 of 2nd period - Deflect By Brandon Yip.
11:25 of 2nd period - Shot Blocked by Evgeni Malkin.
11:25 of 2nd period - Puck is out of play.
11:26 of 2nd period - Paul Stastny wins face-off versus Cody Hodgson in Senateurs zone.
11:29 of 2nd period - Snap shot by Andrei Kostitsyn.
11:29 of 2nd period - Shot Misses the Net.
11:31 of 2nd period - Minor Penalty to Brenden Morrow for Tripping.
11:32 of 2nd period - Bryan Little wins face-off versus Evgeni Malkin in Senateurs zone.
11:41 of 2nd period - Wrist shot by Corey Perry.
11:41 of 2nd period - Shot Blocked by Evgeni Malkin.
11:43 of 2nd period - Slapshot by Corey Perry.
11:43 of 2nd period - Stopped by Jeff Deslauriers without a rebound.
11:44 of 2nd period - Evgeni Malkin wins face-off versus Corey Perry in Senateurs zone.
11:57 of 2nd period - Wrist shot by Mikkel Boedker.
11:57 of 2nd period - Shot Misses the Net.
11:59 of 2nd period - Slapshot by Bryan Little.
11:59 of 2nd period - Shot Misses the Net.
12:32 of 2nd period - Slapshot by Dan Hamhuis.
12:32 of 2nd period - Shot Blocked by Marc Staal.
12:34 of 2nd period - Wrist shot by B.J. Crombeen.
12:34 of 2nd period - Stopped by Semyon Varlamov with a rebound.
12:36 of 2nd period - Wrist shot by Kurtis Foster.
12:36 of 2nd period - Deflect By Sergei Kostitsyn.
12:36 of 2nd period - Shot Blocked by Corey Perry.
12:36 of 2nd period - Puck is out of play.
12:37 of 2nd period - Andrei Kostitsyn wins face-off versus Sergei Kostitsyn in Avalanche zone.
13:31 of 2nd period - Penalty to Brenden Morrow is over, Brenden Morrow is back on ice.
13:45 of 2nd period - Slapshot by Dan Hamhuis.
13:45 of 2nd period - Shot Blocked by Jay Bouwmeester.
14:03 of 2nd period - Snap shot by Ramzi Abid.
14:03 of 2nd period - Stopped by Semyon Varlamov without a rebound.
14:03 of 2nd period - Minor Penalty to Pascal Dupuis for Hooking.
14:04 of 2nd period - Evgeni Malkin wins face-off versus Corey Perry in Senateurs zone.
14:11 of 2nd period - Snap shot by Evgeni Malkin.
14:11 of 2nd period - Deflect By Thomas Vanek.
14:11 of 2nd period - Stopped by Semyon Varlamov with a rebound.
14:13 of 2nd period - Snap shot by Carlo Colaiacovo.
14:13 of 2nd period - Stopped by Semyon Varlamov without a rebound.
14:14 of 2nd period - Evgeni Malkin wins face-off versus Mikkel Boedker in Avalanche zone.
14:45 of 2nd period - Snap shot by Bryan Little.
14:45 of 2nd period - Goal by Bryan Little - Avalanche : 3 - Senateurs : 1.
14:46 of 2nd period - Paul Stastny wins face-off versus Evgeni Malkin in neutral zone.
14:55 of 2nd period - Snap shot by Paul Stastny.
14:55 of 2nd period - Stopped by Jeff Deslauriers with a rebound.
14:57 of 2nd period - Slapshot by Alexander Radulov.
14:57 of 2nd period - Stopped by Jeff Deslauriers without a rebound.
14:58 of 2nd period - Paul Stastny wins face-off versus B.J. Crombeen in Senateurs zone.
14:59 of 2nd period - Snap shot by Alexander Radulov.
14:59 of 2nd period - Stopped by Jeff Deslauriers with a rebound.
15:01 of 2nd period - Minor Penalty to Thomas Vanek for Hooking.
15:02 of 2nd period - Bryan Little wins face-off versus Evgeni Malkin in Senateurs zone.
15:17 of 2nd period - Slapshot by Mikkel Boedker.
15:17 of 2nd period - Shot Misses the Net.
15:19 of 2nd period - Slapshot by Jay Bouwmeester.
15:19 of 2nd period - Goal by Jay Bouwmeester - Avalanche : 4 - Senateurs : 1.
15:19 of 2nd period - Ondrej Pavelec enters game.
15:20 of 2nd period - Paul Stastny wins face-off versus Evgeni Malkin in neutral zone.
15:27 of 2nd period - Wrist shot by Andrei Kostitsyn.
15:27 of 2nd period - Shot Misses the Net.
15:50 of 2nd period - Snap shot by Cody Hodgson.
15:50 of 2nd period - Deflect By Mikkel Boedker.
15:50 of 2nd period - Shot Misses the Net.
15:50 of 2nd period - Puck is out of play.
15:51 of 2nd period - Bryan Little wins face-off versus Evgeni Malkin in Avalanche zone.
15:55 of 2nd period - Corey Perry is hit by B.J. Crombeen and loses puck.
16:02 of 2nd period - Wrist shot by Bryan Little.
16:02 of 2nd period - Stopped by Ondrej Pavelec without a rebound.
16:03 of 2nd period - Paul Stastny wins face-off versus Evgeni Malkin in Senateurs zone.
16:16 of 2nd period - Wrist shot by B.J. Crombeen.
16:16 of 2nd period - Shot Misses the Net.
16:18 of 2nd period - Backhand shot by Thomas Vanek.
16:18 of 2nd period - Stopped by Semyon Varlamov without a rebound.
16:19 of 2nd period - Bryan Little wins face-off versus Cody Hodgson in Avalanche zone.
16:26 of 2nd period - Slapshot by Jack Johnson.
16:26 of 2nd period - Deflect By Cody Hodgson.
16:26 of 2nd period - Stopped by Ondrej Pavelec without a rebound.
16:27 of 2nd period - Cody Hodgson wins face-off versus Bryan Little in Senateurs zone.
16:35 of 2nd period - Minor Penalty to Kurtis Foster for Hooking.
16:36 of 2nd period - Bryan Little wins face-off versus Evgeni Malkin in Senateurs zone.
17:02 of 2nd period - Dan Hamhuis is hit by Andrei Kostitsyn and loses puck.
17:28 of 2nd period - Brenden Morrow is hit by Mikkel Boedker and loses puck.
17:41 of 2nd period - Evgeni Malkin is hit by Bryan Little.
18:35 of 2nd period - Penalty to Kurtis Foster is over, Kurtis Foster is back on ice.
18:47 of 2nd period - Snap shot by Ramzi Abid.
18:47 of 2nd period - Deflect By Chuck Kobasew.
18:47 of 2nd period - Stopped by Semyon Varlamov without a rebound.
18:48 of 2nd period - David Krejci wins face-off versus Mike Comrie in Avalanche zone.
19:20 of 2nd period - Pascal Dupuis is hit by Chuck Kobasew and loses puck.
19:59 of 2nd period - Slapshot by Pascal Dupuis.
19:59 of 2nd period - Deflect By Ramzi Abid.
19:59 of 2nd period - Stopped by Semyon Varlamov with a rebound.
Goals for this period are 2 for Avalanche vs 0 for Senateurs.
Shots for this period are 12 for Avalanche vs 8 for Senateurs.

3rd period


0:01 of 3rd period - Paul Stastny wins face-off versus Evgeni Malkin in neutral zone.
0:04 of 3rd period - Evgeni Malkin is hit by Alexander Radulov.
0:10 of 3rd period - Wrist shot by Thomas Vanek.
0:10 of 3rd period - Shot Misses the Net.
0:51 of 3rd period - David Krejci is hit by Andrew Ladd and loses puck.
0:58 of 3rd period - Slapshot by Cody Franson.
0:58 of 3rd period - Shot Blocked by Pernell Karl Subban.
1:00 of 3rd period - Slapshot by Cody Franson.
1:00 of 3rd period - Stopped by Semyon Varlamov without a rebound.
1:01 of 3rd period - Paul Stastny wins face-off versus Evgeni Malkin in Avalanche zone.
1:01 of 3rd period - Paul Stastny is hit by Cody Franson.
1:13 of 3rd period - Snap shot by Andrei Kostitsyn.
1:13 of 3rd period - Stopped by Ondrej Pavelec without a rebound.
1:14 of 3rd period - Evgeni Malkin wins face-off versus Paul Stastny in Senateurs zone.
1:16 of 3rd period - Minor Penalty to B.J. Crombeen for Roughing.
1:17 of 3rd period - Evgeni Malkin wins face-off versus Bryan Little in Senateurs zone.
1:52 of 3rd period - Wrist shot by Jack Johnson.
1:52 of 3rd period - Stopped by Ondrej Pavelec with a rebound.
1:54 of 3rd period - Slapshot by Paul Stastny.
1:54 of 3rd period - Stopped by Ondrej Pavelec with a rebound.
3:16 of 3rd period - Penalty to B.J. Crombeen is over, B.J. Crombeen is back on ice.
3:27 of 3rd period - David Krejci is hit by Andrew Ladd and loses puck.
3:39 of 3rd period - Off-side.
3:40 of 3rd period - Mike Comrie wins face-off versus Cody Hodgson in neutral zone.
3:43 of 3rd period - Cody Hodgson is hit by Jack Johnson.
4:22 of 3rd period - Wrist shot by Andrei Kostitsyn.
4:22 of 3rd period - Stopped by Ondrej Pavelec with a rebound.
4:24 of 3rd period - Minor Penalty to Cody Franson for Hooking.
4:25 of 3rd period - Evgeni Malkin wins face-off versus Bryan Little in Senateurs zone.
6:24 of 3rd period - Penalty to Cody Franson is over, Cody Franson is back on ice.
6:37 of 3rd period - Wrist shot by Cody Franson.
6:37 of 3rd period - Stopped by Semyon Varlamov with a rebound.
7:10 of 3rd period - Icing by Cory Emmerton.
7:11 of 3rd period - Cody Hodgson wins face-off versus Cory Emmerton in Avalanche zone.
9:02 of 3rd period - Slapshot by Andrei Kostitsyn.
9:02 of 3rd period - Shot Blocked by Ramzi Abid.
9:04 of 3rd period - Snap shot by Alexander Radulov.
9:04 of 3rd period - Shot Blocked by Vladimir Mihalik.
9:06 of 3rd period - Slapshot by Jack Johnson.
9:06 of 3rd period - Stopped by Ondrej Pavelec without a rebound.
9:07 of 3rd period - Bryan Little wins face-off versus Cody Hodgson in Senateurs zone.
9:57 of 3rd period - Icing by Brandon Yip.
9:58 of 3rd period - Evgeni Malkin wins face-off versus Cory Emmerton in Avalanche zone.
11:10 of 3rd period - Pernell Karl Subban is hit by Dan Hamhuis and loses puck.
11:33 of 3rd period - Slapshot by Johan Franzen.
11:33 of 3rd period - Shot Misses the Net.
11:35 of 3rd period - Slapshot by Brooks Orpik.
11:35 of 3rd period - Stopped by Semyon Varlamov with a rebound.
11:47 of 3rd period - Wrist shot by Pernell Karl Subban.
11:47 of 3rd period - Goal by Pernell Karl Subban - Avalanche : 5 - Senateurs : 1.
11:48 of 3rd period - Evgeni Malkin wins face-off versus Paul Stastny in neutral zone.
11:51 of 3rd period - Andrei Kostitsyn is hit by Evgeni Malkin and loses puck.
12:14 of 3rd period - Mikkel Boedker is hit by Brenden Morrow and loses puck.
12:25 of 3rd period - Snap shot by Johan Franzen.
12:25 of 3rd period - Stopped by Semyon Varlamov with a rebound.
12:34 of 3rd period - Icing by Cody Hodgson.
12:35 of 3rd period - David Krejci wins face-off versus Cory Emmerton in Senateurs zone.
13:04 of 3rd period - Snap shot by Andrei Kostitsyn.
13:04 of 3rd period - Stopped by Ondrej Pavelec with a rebound.
13:06 of 3rd period - Slapshot by Johnny Boychuk.
13:06 of 3rd period - Shot Blocked by Carlo Colaiacovo.
13:08 of 3rd period - Snap shot by Andrei Kostitsyn.
13:08 of 3rd period - Stopped by Ondrej Pavelec with a rebound.
13:10 of 3rd period - Wrist shot by Alexander Radulov.
13:10 of 3rd period - Goal by Alexander Radulov - Avalanche : 6 - Senateurs : 1.
13:11 of 3rd period - Evgeni Malkin wins face-off versus Paul Stastny in neutral zone.
13:22 of 3rd period - Wrist shot by Thomas Vanek.
13:22 of 3rd period - Shot Blocked by Jack Johnson.
13:45 of 3rd period - Off-side.
13:46 of 3rd period - Evgeni Malkin wins face-off versus Bryan Little in neutral zone.
13:49 of 3rd period - Marc Staal is hit by Dan Hamhuis and loses puck.
13:55 of 3rd period - Icing by Bryan Little.
13:56 of 3rd period - Evgeni Malkin wins face-off versus Bryan Little in Avalanche zone.
13:58 of 3rd period - Minor Penalty to Evgeni Malkin for Hooking.
13:59 of 3rd period - Sergei Kostitsyn wins face-off versus Bryan Little in Senateurs zone.
14:11 of 3rd period - Slapshot by Jay Bouwmeester.
14:11 of 3rd period - Stopped by Ondrej Pavelec without a rebound.
14:12 of 3rd period - Sergei Kostitsyn wins face-off versus Bryan Little in Senateurs zone.
15:01 of 3rd period - Slapshot by Andrei Kostitsyn.
15:01 of 3rd period - Shot Misses the Net.
15:58 of 3rd period - Penalty to Evgeni Malkin is over, Evgeni Malkin is back on ice.
16:27 of 3rd period - Johan Franzen is hit by Johnny Boychuk and loses puck.
16:36 of 3rd period - Wrist shot by Ryan Smyth.
16:36 of 3rd period - Stopped by Ondrej Pavelec with a rebound.
16:46 of 3rd period - Slapshot by Vladimir Mihalik.
16:46 of 3rd period - Shot Blocked by Mark Giordano.
17:22 of 3rd period - Snap shot by Mikkel Boedker.
17:22 of 3rd period - Stopped by Ondrej Pavelec without a rebound.
17:23 of 3rd period - Cody Hodgson wins face-off versus Bryan Little in Senateurs zone.
17:28 of 3rd period - Slapshot by Kurtis Foster.
17:28 of 3rd period - Shot Blocked by Jack Johnson.
17:47 of 3rd period - Sergei Kostitsyn is hit by Corey Perry and loses puck.
17:53 of 3rd period - Minor Penalty to Dan Hamhuis for Hooking.
17:54 of 3rd period - Paul Stastny wins face-off versus Evgeni Malkin in Senateurs zone.
18:06 of 3rd period - Snap shot by Andrei Kostitsyn.
18:06 of 3rd period - Stopped by Ondrej Pavelec with a rebound.
18:08 of 3rd period - Slapshot by Paul Stastny.
18:08 of 3rd period - Shot Blocked by Kurtis Foster.
18:10 of 3rd period - Snap shot by Alexander Radulov.
18:10 of 3rd period - Stopped by Ondrej Pavelec with a rebound.
18:50 of 3rd period - Cody Franson is hit by Mikkel Boedker and loses puck.
19:53 of 3rd period - Penalty to Dan Hamhuis is over, Dan Hamhuis is back on ice.
Goals for this period are 2 for Avalanche vs 0 for Senateurs.
Shots for this period are 14 for Avalanche vs 4 for Senateurs.